 Dungeon Crawl Stone Soup version 0.15.0-18-g9076a4f (webtiles) character file.

127 zercules the Cudgeler (level 4, -4/58 HPs)
             Began as a Minotaur Berserker on Sept 7, 2014.
             Was a Believer of Trog.
             Killed from afar by an orc wizard (7 damage)
             ... with a magic dart
             ... on Level 3 of the Dungeon.
             The game lasted 00:04:26 (1313 turns).

zercules the Cudgeler (Minotaur Berserker)          Turns: 1313, Time: 00:04:26

HP  -4/58        AC  2     Str 26      XL: 4   Next: 85%
MP   2/2         EV 12     Int  5      God: Trog [**....]
Gold 79          SH  0     Dex 10      Spells:  0 memorised,  3 levels left

rFire  . . .     SeeInvis .     a - +0 mace
rCold  . . .     Clarity  .     b - +0 animal skin
rNeg   . . .     rCorr    .     (no shield)
rPois  .         rRot     .     (helmet restricted)
rElec  .         Spirit   .     (no cloak)
SustAb .         Warding  .     (no gloves)
rMut   .         Stasis   .     (no boots)
Gourm  .                        (no amulet)
MR     .....                    (no ring)
                                (no ring)

@: berserking (expiring), very quick, not resistant to hostile enchantments,
extremely unstealthy
A: retaliatory headbutt, horns 2
a: Burn Spellbooks, Berserk, Trog's Hand, Renounce Religion


You were on level 3 of the Dungeon.
You worshipped Trog.
Trog was pleased with you.
You were hungry.

You visited 1 branch of the dungeon, and saw 3 of its levels.

You collected 79 gold pieces.


Innate Abilities, Weirdness & Mutations

You reflexively headbutt those who attack you in melee.
You have a pair of horns on your head.


   Skills:
 - Level 3.6 Fighting
 + Level 6.8 Maces & Flails
 - Level 2.4 Armour
 - Level 2.1 Dodging


You had 3 spell levels left.
You didn't know any spells.

Dungeon Overview and Level Annotations

Branches:
Dungeon (3/15)

Altars:
Ashenzari
Cheibriados
Xom

Inventory:

Hand weapons
 a - a +0 mace (weapon)
Armour
 b - a +0 animal skin (worn)
 f - a +0 pair of gloves
 j - a +0 cloak
Magical devices
 k - a wand of slowing (8)
Comestibles
 c - a bread ration
 l - a meat ration
 m - 2 fruits
 q - a rotting chunk of orc flesh {@w1}
Scrolls
 e - 3 scrolls of identify {unknown}
 h - 2 scrolls of remove curse {unknown}
 n - a scroll of fear {unknown}
 p - a scroll of amnesia {unknown}
Potions
 d - 3 potions of restore abilities {unknown}
 g - a potion of brilliance {unknown}
 i - a potion of cure mutation {unknown}
 o - a potion of flight {unknown}
 r - a potion of resistance {unknown}

....####.# ......
....# #.##
#.....w. ....#
#..# ........
....# ##.## ......
....# ###..# ....
....# #..[)# ###'#
....# #....###...#
....###..........#
.......)#######)@#
.......)# #..#
........# #%o#
...####..
#.....g.# ...#
#.#. #......g.
..... #.##.
#........ ....[
#.#######..####..
.... #..........#
### ##....# ...#


You could see an orc wizard.


Message History

An orc opens the door.
The orc priest calls down the wrath of Beogh upon you.
You barely resist.
The orc wizard gestures wildly while chanting.
The orc wizard blinks!
A goblin and a hobgoblin come into view.
You see here a meat ration.
The orc closely misses you.
You hit the orc. You headbutt the orc.
You kill the orc!
Trog accepts your kill.
Use which ability? (? or * to list)
A red film seems to cover your vision as you go berserk!
You feel yourself moving faster!
You feel mighty!
You are feeling hungry.
The orc hits you but does no damage.
The orc priest calls down the wrath of Beogh upon you.
Something smites you!
You sock the orc!
You kill the orc!
Trog accepts your kill.
You sock the hobgoblin!
You kill the hobgoblin!
Trog accepts your kill.
The orc priest looks braver.
The orc wizard casts a spell.
The orc wizard seems to speed up.
You thump the orc!
You kill the orc!
Trog accepts your kill.
The orc priest invokes the aid of Beogh against you.
You barely resist. You sock the goblin!
You feel the power of Trog in you as your rage grows.
You kill the goblin!
Trog accepts your kill.
You barely miss the orc priest.
The orc wizard casts a spell.
The orc wizard blinks!
You hit the orc priest.
The orc priest is severely wounded.
The orc priest mumbles some strange prayers to Beogh against you.
Something smites you!
* * * LOW HITPOINT WARNING * * *
The orc wizard barely misses you.
You sock the orc priest!
You kill the orc priest!
Trog accepts your kill.
The orc wizard gestures at you while chanting.
The magic dart hits you!
* * * LOW HITPOINT WARNING * * *
You thump the orc wizard!
The orc wizard is moderately wounded.
The orc wizard hits you but does no damage.
You hit the orc wizard.
The orc wizard is heavily wounded.
The orc wizard points at you and mumbles some strange words.
The magic dart hits you!
* * * LOW HITPOINT WARNING * * *
You miss the orc wizard.
The orc wizard is heavily wounded.
The orc wizard closely misses you.
You closely miss the orc wizard.
The orc wizard is heavily wounded.
The orc wizard gestures at you while chanting.
The magic dart hits you!
* * * LOW HITPOINT WARNING * * *
The orc wizard points at you and mumbles some strange words.
The magic dart hits you!
You die...

Action                   |  1- 3 |  4- 6 || total
-------------------------+-------+-------++-------
Melee: Mace              |    39 |    47 ||    86
Invok: Berserk           |     1 |     1 ||     2
       Burn Spellbooks   |       |     1 ||     1
  Eat: Chunk             |     1 |     1 ||     2

Vault maps used:
D:1:      sevenhm_arrival_forest_fort_large_2
D:2:      old_standard_altar, lemuel_doored_altar, cheibriados_altar_wand_db,
          first_bread, uniq_iyjb
D:3:      minmay_misc_feat_rows, corexii_leaking_fountain,
          minmay_misc_feat_enclosed

Notes
Turn   | Place    | Note
--------------------------------------------------------------
     0 | D:1      | zercules, the Minotaur Berserker, began the quest for the Orb.
     0 | D:1      | Reached XP level 1. HP: 19/19 MP: 1/1
   191 | D:2      | Reached skill level 4 in Maces & Flails
   231 | D:2      | Reached XP level 2. HP: 26/26 MP: 1/1
   244 | D:2      | Found a snail-covered altar of Cheibriados.
   255 | D:2      | HP: 5/26 [gnoll/spear (4)]
   255 | D:2      | HP: 1/26 [gnoll/spear (4)]
   256 | D:2      | Reached skill level 5 in Maces & Flails
   713 | D:2      | Reached XP level 3. HP: 29/31 MP: 2/2
   746 | D:2      | Found a shattered altar of Ashenzari.
   749 | D:2      | Acquired Trog's second power
   871 | D:2      | Found a shimmering altar of Xom.
   931 | D:2      | Noticed Ijyb
   937 | D:2      | Killed Ijyb
   937 | D:2      | Reached XP level 4. HP: 37/39 MP: 2/2
  1016 | D:3      | Reached skill level 6 in Maces & Flails
  1310 | D:3      | HP: 10/58 [orc wizard/magic dart (8)]
  1312 | D:3      | HP: 3/58 [orc wizard/magic dart (7)]
  1313 | D:3      | Killed from afar by an orc wizard

Vanquished Creatures
  An orc priest (D:3)
  Ijyb (D:2)
  A gnoll (D:2)
  2 adders (D:2)
  A worm (D:2)
  8 orcs (D:3)
  2 giant cockroaches
  4 goblins
  5 hobgoblins
  4 jackals (D:3)
  3 ball pythons (D:2)
  3 bats
  A giant newt (D:3)
  5 kobolds (D:2)
  4 rats
45 creatures vanquished.
